 Dungeon Crawl Stone Soup version 0.31-a0-728-g01b46875f1 (webtiles) character file.

Game seed: 17630686806675836882

82 jasper the Stinger (level 4, 0/21 HPs)
             Began as a Spriggan Venom Mage on Sept 11, 2023.
             Killed from afar by a rime drake (21 damage)
             ... with an icy flash freeze
             ... created by the adversity of Qazlal
             ... on level 2 of the Dungeon.
             The game lasted 00:04:26 (2167 turns).

jasper the Stinger (Spriggan Venom Mage)            Turns: 2167, Time: 00:04:27

Health: 0/21       AC:  2    Str:  4    XL:     4   Next: 21%
Magic:  9/9        EV: 18    Int: 18    God:
Gold:   38         SH:  0    Dex: 21    Spells: 3/9 levels left

rFire   . . .        f - +0 short sword
rCold   . . .        (no shield)
rNeg    . . .        a - +0 robe
rPois   .            (helmet restricted)
rElec   .            (no cloak)
rCorr   .            (gloves unavailable)
SInv    +            (boots unavailable)
Will    .....        (no amulet)
Stlth   ++           h - +6 ring of dexterity
HPRegen 0.23/turn    (no ring)
MPRegen 0.11/turn

%: no passive effects
@: silenced, slowed, quick
A: very small, no large weapons, unfitting armour, see invisible, speed 3
a: no special abilities


You were on level 2 of the Dungeon.
You visited 1 branch of the dungeon, and saw 2 of its levels.

You collected 68 gold pieces.
You spent 30 gold pieces at shops.

Inventory:

Hand Weapons
 f - a +0 short sword (weapon)
Missiles
 g - 35 stones
Armour
 a - a +0 robe (worn)
Magical Staves
 l - a staff of cold
Jewellery
 h - a +6 ring of dexterity (left hand)
Potions
 b - a potion of magic
 d - a potion of degeneration
 e - a potion of lignification
 j - a potion of brilliance {unknown}
 m - a potion of curing


   Skills:
 - Level 2.6 Dodging
 - Level 3.0 Stealth
 + Level 3.0 Spellcasting
 - Level 1.3 Transmutations
 + Level 4.9 Poison Magic


You had 3 spell levels left.
You knew the following spells:

 Your Spells              Type           Power      Damage    Failure   Level
a - Sting                 Tmut/Pois      56%        1d5       4%          1
b - Poisonous Vapours     Pois/Air       22%        N/A       9%          2
c - Mephitic Cloud        Conj/Pois/Air  8%         N/A       24%         3

Your spell library contained the following spells:

 Spells                   Type           Power      Damage    Failure   Level
 Olgreb's Toxic Radiance  Pois           20%        N/A       21%         4


Dungeon Overview and Level Annotations

Branches:
Dungeon (2/15)

Altars:
Qazlal

Shops:
D:1 *


Innate Abilities, Weirdness & Mutations

You are very small and have problems with some larger weapons.
You are too small for most types of armour.
You have supernaturally acute eyesight. (SInv)
You cover ground extremely quickly. (Speed+++)


Message History

The hobgoblin shouts!
The hobgoblin moves out of view.
Found a scroll labelled BUYFEJ MAFFAUL.
You hit the hobgoblin.
The hobgoblin is moderately wounded.
The hobgoblin completely misses you.
You barely miss the hobgoblin.
You punch the hobgoblin, but do no damage.
The hobgoblin is moderately wounded.
The hobgoblin misses you.
You hit the hobgoblin.
You kill the hobgoblin!
i - a scroll labelled BUYFEJ MAFFAUL You open the door.
There is an open door here.
You open the door.
There is an open door here.
k - a scroll of identify
As you read the scroll of identify, it crumbles to dust.
e - a potion of lignification
As you read the scroll labelled KEASIO SUAKIF, it crumbles to dust.
You hear a loud clanging noise!
It was a scroll of noise.
As you read the scroll labelled BUYFEJ MAFFAUL, it crumbles to dust.
A profound silence engulfs you.
It was a scroll of silence.
You start waiting.
Qazlal causes a mighty clap of thunder!
Qazlal incites the elements against you!
The divine experience drains your vigour!
You feel yourself slow down.
A fire crab and a rime drake come into view.
There are monsters nearby!
Magic scrolls do not work when you're silenced!
Unknown command.
You barely miss the fire crab. You hit the fire crab but do no damage.
The rime drake breathes ice at you. The icy flash freeze hits you!!
Ouch! That really hurt!
You die...

#.........#
#.#######.# #.#
#.# #.# #.# #.#
#.# ##### #.# #.#
....# ##'#### #k#
.)..# #....^# #.#
....###.....# #@#
............# #t#
.........#######.#
.................#
####.....##....###
#......'....+
#.###†##....#
#.#..)......#
#.#.#.###+###


You could see a fire crab and a rime drake (catching breath).

Vanquished Creatures
  An adder (D:2)
  2 gnolls (D:2)
  A worm (D:2)
  A dart slug (D:1)
  4 bats (D:1)
  3 endoplasms
  A giant cockroach (D:1)
  4 goblins (D:1)
  7 hobgoblins
  3 jackals (D:1)
  4 kobolds
  3 quokkas (D:1)
  3 ball pythons
  3 frilled lizards (D:1)
  6 rats
46 creatures vanquished.

Notes
Turn   | Place    | Note
-------+----------+-------------------------------------------
     0 | D:1      | jasper the Spriggan Venom Mage began the quest for the Orb.
     0 | D:1      | Reached XP level 1. HP: 9/9 MP: 5/5
   277 | D:1      | Reached XP level 2. HP: 13/13 MP: 2/7
   280 | D:1      | Learned a level 2 spell: Poisonous Vapours
   672 | D:1      | Reached skill level 4 in Poison Magic
   841 | D:1      | Reached XP level 3. HP: 16/16 MP: 3/8
   845 | D:1      | Learned a level 3 spell: Mephitic Cloud
  1165 | D:1      | Found a faded altar of an unknown god.
  1168 | D:1      | Prayed at the altar of an unknown god.
  1168 | D:1      | Became a worshipper of Qazlal Stormbringer
  1168 | D:1      | Reached * piety under Qazlal
  1169 | D:1      | Fell from the grace of Qazlal
  1297 | D:1      | Found Bosesh Weeju's General Store.
  1325 | D:1      | Bought a potion of curing for 30 gold pieces
  1823 | D:2      | Reached XP level 4. HP: 18/21 MP: 1/9
  1880 | D:2      | Noticed a rime drake
  2166 | D:2      | Noticed a fire crab
  2166 | D:2      | Noticed a rime drake
  2167 | D:2      | Killed from afar by a rime drake

Illustrated notes

Levels and vault maps discovered:
D:1:      amcnicky_arrival_choice, layout_loops_cross, serial_shops,
          nicolae_lakefront_shop, shapermc_ecumenical_altar_mp_vishouse,
          minmay_misc_feat_chi
D:2:      layout_basic

Skill      XL: |  1  2 |
---------------+-------+-----
Spellcasting   | 3 |  3.0
Poison Magic   | 4 |  4.9
Dodging        | |  2.6
Stealth        | |  3.0
Transmutations | |  1.3

Action                     |  1- 3 |  4- 6 || total
---------------------------+-------+-------++-------
  Melee: Short sword       |    14 |     7 ||    21
         Punch             |     1 |     1 ||     2
   Cast: Sting             |    59 |     6 ||    65
         Poisonous Vapours |    22 |     2 ||    24
 Invoke: Renounce Religion |     1 |       ||     1
    Use: Scroll            |     5 |     3 ||     8
 Armour: Robe              |     5 |     1 ||     6
  Dodge: Dodged            |    29 |     4 ||    33

Table legend: (Time is in decaauts)
 A = Elapsed time spent in this place.
 B = Non-inter-level travel time spent in this place.
 C = Inter-level travel time spent in this place.
 D = Time resting spent in this place.
 E = Time spent auto-exploring this place.
 F = Levels seen in this place.
 G = Mean time per level.
                   A        B        C        D        E       F      G
               +--------+--------+--------+--------+--------+-----+--------+
         Total |   1800 |   1755 |     45 |    214 |   1237 |   2 |  900.0 |
       Dungeon |   1800 |   1755 |     45 |    214 |   1237 |   2 |  900.0 |
               +--------+--------+--------+--------+--------+-----+--------+

Top non-repeatable levels by time:
     D:1: 1345 daAuts
     D:2: 454 daAuts
